 Dungeon Crawl Stone Soup version 0.14-a0-1761-gdbd231b (webtiles) character file.

242 HollowCharge the Slasher (level 3, 0/31 HPs)
             Began as a Demigod Warper on Jan 4, 2014.
             Slain by an orc (3 damage)
             ... on Level 2 of the Dungeon.
             The game lasted 00:09:36 (2883 turns).

HollowCharge the Slasher (Demigod Warper)           Turns: 2883, Time: 00:09:36

HP   0/31        AC  3     Str 16      XL: 3   Next: 83%
MP   7/7         EV 11     Int 17      God:
Gold 169         SH  0     Dex 15      Spells:  3 memorised,  0 levels left

rFire  . . .     SeeInvis .     a - +1,+0 falchion
rCold  . . .     Clarity  .     b - +0 leather armour
rNeg   . . .     Conserve .     (no shield)
rPois  .         rCorr    .     (no helmet)
rElec  .         rRot     .     (no cloak)
SustAb . .       Spirit   .     (no gloves)
rMut   .         Warding  .     (no boots)
Saprov . . .     Stasis   .     (no amulet)
                                (no ring)
                                p - ring of protection from magic

@: somewhat resistant to hostile enchantments, unstealthy
A: no striking features
a: no special abilities


You were on level 2 of the Dungeon.
You were hungry.

You visited 1 branch of the dungeon, and saw 3 of its levels.

You collected 169 gold pieces.

Inventory:

Hand weapons
 a - a +1,+0 falchion (weapon)
Missiles
 e - 15 darts (quivered)
 f - 10 darts of dispersal
Armour
 b - a +0 leather armour (worn)
Comestibles
 g - a bread ration
 h - a pear
Scrolls
 d - a scroll of blinking
 j - a scroll of teleportation {unknown}
Jewellery
 p - a ring of protection from magic (left hand)
Potions
 i - a potion of invisibility {unknown}
 k - a potion of curing {unknown}
 l - 2 potions of heal wounds {unknown}
Books
 c - a book of Spatial Translocations

   Spells                             Type                      Level
   *Apportation                       Translocation                1
   Portal Projectile                  Translocation                2
   *Blink                             Translocation                2
   *Shroud of Golubria                Charms/Translocation         2
   Teleport Other                     Translocation                3
   Passage of Golubria                Translocation                4


   Skills:
 + Level 3.0 Fighting
 + Level 3.1 Long Blades
 - Level 0.8 Throwing
 - Level 0.8 Armour
 - Level 1.7 Dodging
 - Level 1.7 Spellcasting
 - Level 2.6 Translocations


You couldn't memorise any spells.
You knew the following spells:

 Your Spells              Type           Power        Failure   Level  Hunger
a - Apportation           Tloc           ##........   10%         1    #......
b - Blink                 Tloc           N/A          12%         2    ###....
c - Shroud of Golubria    Chrm/Tloc      #.........   21%         2    ###....


Dungeon Overview and Level Annotations

Branches:
Dungeon (3/16)


Message History

The orc closely misses you. The orc hits you with an orcish flail.
The orc barely misses you.
You completely miss the orc.
The orc is moderately wounded.
The orc hits you but does no damage.
You hit the orc.
The orc is severely wounded.
The orc hits you with an orcish flail.
* * * LOW HITPOINT WARNING * * *
The orc hits you.
* * * LOW HITPOINT WARNING * * *
You barely miss the orc.
The orc is severely wounded.
The orc barely misses you. The orc hits you but does no damage.
You hit the orc.
You kill the orc!
The orc hits you.
* * * LOW HITPOINT WARNING * * *
The orc hits you.
You die...

#.....# #.###.#
#.# #.# #.# #.#
#.# #.# #.# #.#
########.###.#####
#>o.......<.......
#@###....#.#.#####
#.# #......#......
#.# #....###..####
#.# ##.....#..#
#.# #####.#..##
#.# #.....#
####.######
##....#
#.........#
#....###
#.##.####.#
#...#...


You could see an orc.

Vanquished Creatures
  2 adders (D:2)
  An inept item mimic (D:2)
  A worm (D:2)
  An ooze (D:1)
  A giant gecko (D:2)
  An orc (D:2)
  6 bats (D:1)
  3 giant cockroaches (D:1)
  5 hobgoblins
  5 jackals
  2 ball pythons
  3 giant newts
  3 goblins
  4 kobolds
  A rat (D:1)
  A plant (D:1)
40 creatures vanquished.

Notes
Turn   | Place    | Note
--------------------------------------------------------------
     0 | D:1      | HollowCharge, the Demigod Warper, began the quest for the Orb.
     0 | D:1      | Reached XP level 1. HP: 17/17 MP: 3/3
   513 | D:1      | Reached XP level 2. HP: 14/24 MP: 4/4
  1632 | D:2      | Reached XP level 3. HP: 16/30 MP: 7/7
  2079 | D:2      | Found a white marble altar of Elyvilon.
  2080 | D:2      | Found an ancient bone altar of Kikubaaqudgha.
  2198 | D:2      | Found a shattered altar of Ashenzari.
  2280 | D:2      | Reached skill level 3 in Long Blades
  2755 | D:2      | Learned a level 2 spell: Blink
  2758 | D:2      | Learned a level 2 spell: Shroud of Golubria
  2883 | D:2      | Slain by an orc

Action                   || total
-------------------------++-------
Melee: Falchion          ||   218
  Use: Scroll            ||     4
 Stab: Sleeping          ||     1
